DRAKE
PORT OF SPAIN ROYALES @ KEY WEST BEACHBUMS
06/09/2058
 
TOP OF THE 1ST
Port of Spain Royales batting - Pitching for Key West Beachbums : LHP Carlos Martínez
Pitching: LHP Carlos Martínez
Batting: RHB Terry Yates 0-0: Called Strike
0-1: Foul Ball, location: 2F
0-2: Ball
1-2: Fly out, F1 (Line Drive, P, EV 70.6 MPH)
Batting: RHB Miguel Guerrero 0-0: Ball
1-0: Foul Ball, location: 2F
1-1: Ball
2-1: Ball
3-1: Foul Ball, location: 2F
3-2: Foul Ball, location: 3FF
3-2: Ground out 6-3 (Groundball, 6, EV 99.4 MPH)
Batting: SHB Çelik Lüfi 0-0: Foul Ball, location: 2F
0-1: Ball
1-1: Ball
2-1: Swinging Strike
2-2: SINGLE (Groundball, 34D, EV 99.4 MPH)
Batting: RHB Abu al Khayr bin Mu'ayyad 0-0: Foul Ball, location: 5SF
0-1: Swinging Strike
0-2: Ball
1-2: Strikes out swinging, 2-3 out at first.
Top of the 1st over - 0 runs, 1 hit, 0 errors, 1 left on base; Port of Spain 0 - Key West 0
BOTTOM OF THE 1ST
Key West Beachbums batting - Pitching for Port of Spain Royales : RHP Tony Ávila
Pitching: RHP Tony Ávila
Batting: RHB Floyd White 0-0: Ground out 5-3 (Groundball, 5, EV 86.9 MPH)
Batting: LHB Erdinç Demirel 0-0: Called Strike
0-1: Ball
1-1: Swinging Strike
1-2: Foul Ball, location: 25FF
1-2: Ball
2-2: Strikes out swinging
Batting: LHB Rubén Galló 0-0: Ball
1-0: Swinging Strike
1-1: Ball
2-1: Fly out, F9 (Flyball, 89D, EV 90.6 MPH)
Bottom of the 1st over - 0 runs, 0 hits, 0 errors, 0 left on base; Port of Spain 0 - Key West 0
TOP OF THE 2ND
Port of Spain Royales batting - Pitching for Key West Beachbums : LHP Carlos Martínez
Batting: RHB Bernardo Flores 0-0: Called Strike
0-1: Ground out U3 (Groundball, 34, EV 96.3 MPH)
Batting: RHB Ricardo Imbert 0-0: Called Strike
0-1: Ball
1-1: Foul Ball, location: 9LDF
1-2: Strikes out looking
Batting: RHB Zahir Abraha 0-0: Ball
1-0: Foul Ball, location: 25F
1-1: Ball
2-1: SINGLE (Groundball, 34D, EV 99.4 MPH)
Batting: SHB Ekela Kirila 0-0: Fielders Choice at 2nd, 6-4 (Groundball, 6, EV 86.3 MPH)
Top of the 2nd over - 0 runs, 1 hit, 0 errors, 1 left on base; Port of Spain 0 - Key West 0
BOTTOM OF THE 2ND
Key West Beachbums batting - Pitching for Port of Spain Royales : RHP Tony Ávila
Batting: LHB Júlio López 0-0: Foul Ball, location: 3DF
0-1: Foul Ball, location: 25F
0-2: Foul Ball, location: 9LMF
0-2: Foul Ball, location: 7LDF
0-2: Ball
1-2: Ball
2-2: Ball
3-2: Base on Balls
Batting: RHB José Salazar 0-0: Fielders Choice at 2nd, 6-4 (Groundball, 6, EV 83.1 MPH)
Batting: LHB Yalman Korkmaz 0-0: Called Strike
0-1: Called Strike
0-2: Strikes out swinging
Batting: RHB Levi Leuthold 0-0: Called Strike
0-1: Foul Ball, location: 9LDF
0-2: Strikes out swinging
Bottom of the 2nd over - 0 runs, 0 hits, 0 errors, 1 left on base; Port of Spain 0 - Key West 0
TOP OF THE 3RD
Port of Spain Royales batting - Pitching for Key West Beachbums : LHP Carlos Martínez
Batting: RHB Hatim bin Abdel 0-0: Ball
1-0: Swinging Strike
1-1: Swinging Strike
1-2: Strikes out swinging
Batting: RHB Terry Yates 0-0: Ball
1-0: SINGLE (Groundball, 34D, EV 104.4 MPH)
Batting: RHB Miguel Guerrero 0-0: Foul Ball, location: 2F
0-1: Foul Ball, location: 2F
0-2: SINGLE (Groundball, 4MD, EV 104.4 MPH)
Terry Yates to second
Batting: SHB Çelik Lüfi 0-0: Ball
1-0: Ball
2-0: Foul Ball, location: 23F
2-1: Foul Ball, location: 2F
2-2: Foul Ball, location: 3FF
2-2: Fly out, F6 (Popup, 4MD, EV 66.3 MPH)
Batting: RHB Abu al Khayr bin Mu'ayyad 0-0: Swinging Strike
0-1: Fly out, F3 (Popup, 34, EV 60.0 MPH)
Top of the 3rd over - 0 runs, 2 hits, 0 errors, 2 left on base; Port of Spain 0 - Key West 0
BOTTOM OF THE 3RD
Key West Beachbums batting - Pitching for Port of Spain Royales : RHP Tony Ávila
Batting: RHB António Mendoza 0-0: Swinging Strike
0-1: Foul Ball, location: 3F
0-2: Strikes out swinging
Batting: LHB Kaya Al-Dîn 0-0: Ball
1-0: Ball
2-0: Ball
3-0: Called Strike
3-1: Base on Balls
Batting: RHB Floyd White 0-0: Foul Ball, location: 3F
0-1: Called Strike
Kaya Al-Dîn is caught stealing 2nd base 2-4
0-2: Foul Ball, location: 2LF
0-2: Ball
1-2: Fly out, F8 (Flyball, 8LD, EV 85.0 MPH)
Bottom of the 3rd over - 0 runs, 0 hits, 0 errors, 0 left on base; Port of Spain 0 - Key West 0
TOP OF THE 4TH
Port of Spain Royales batting - Pitching for Key West Beachbums : LHP Carlos Martínez
Batting: RHB Bernardo Flores 0-0: Called Strike
0-1: Ball
1-1: Foul Ball, location: 2F
1-2: Foul Ball, location: 2F
1-2: SOLO HOME RUN (Flyball, 89XD, EV 104.4 MPH), Distance : 397 ft
Batting: RHB Ricardo Imbert 0-0: Ground out 5-3 (Groundball, 56, EV 84.4 MPH)
Batting: RHB Zahir Abraha 0-0: Ball
1-0: Ball
2-0: Ball
3-0: Called Strike
3-1: Base on Balls
Batting: SHB Ekela Kirila 0-0: Called Strike
0-1: Foul Ball, location: 3SF
0-2: TRIPLE (Flyball, 89XD, EV 101.3 MPH)
Zahir Abraha scores
Batting: RHB Hatim bin Abdel 0-0: Called Strike
0-1: Ball
1-1: Fly out, F4 (Popup, 3S, EV 78.8 MPH)
Batting: RHB Terry Yates 0-0: Ball
Wild Pitch!
Ekela Kirila scores
1-0: Foul Ball, location: 5DF
1-1: Ball
2-1: Swinging Strike
2-2: Foul Ball, location: 2F
2-2: Ball
3-2: Strikes out looking
Top of the 4th over - 3 runs, 2 hits, 0 errors, 0 left on base; Port of Spain 3 - Key West 0
BOTTOM OF THE 4TH
Key West Beachbums batting - Pitching for Port of Spain Royales : RHP Tony Ávila
Batting: LHB Erdinç Demirel 0-0: Ball
1-0: Called Strike
1-1: Ball
2-1: Foul Ball, location: 2F
2-2: TRIPLE (Flyball, 78XD, EV 110.6 MPH)
Batting: LHB Rubén Galló 0-0: Ball
1-0: Ground out 3-1 (Groundball, 34, EV 85.6 MPH)
Erdinç Demirel scores
Batting: LHB Júlio López 0-0: Ball
1-0: Swinging Strike
1-1: Ball
2-1: Foul Ball, location: 2F
2-2: Ball
3-2: Foul Ball, location: 7LSF
3-2: Base on Balls
Batting: RHB José Salazar 0-0: Ball
1-0: Fly out, F3 (Popup, 3F, EV 76.9 MPH)
Batting: LHB Yalman Korkmaz 0-0: Ball
1-0: SINGLE (Groundball, 6, EV 103.1 MPH) (infield hit)
Júlio López to second
Batting: RHB Levi Leuthold 0-0: Foul Ball, location: 9LMF
0-1: SINGLE (Groundball, P, EV 77.5 MPH) (infield hit)
Júlio López to third
Yalman Korkmaz to second
Batting: RHB António Mendoza 0-0: Called Strike
0-1: Ball
1-1: Fly out, F9 (Flyball, 9, EV 89.4 MPH)
Bottom of the 4th over - 1 run, 3 hits, 0 errors, 3 left on base; Port of Spain 3 - Key West 1
TOP OF THE 5TH
Port of Spain Royales batting - Pitching for Key West Beachbums : LHP Carlos Martínez
Pitching: RHP Karsten Petrakos
Batting: RHB Miguel Guerrero 0-0: Called Strike
0-1: Called Strike
0-2: Ball
1-2: Ball
2-2: SINGLE (Groundball, 6MD, EV 101.9 MPH)
Batting: SHB Çelik Lüfi 0-0: Ball
1-0: Called Strike
1-1: Foul Ball, location: 2F
1-2: Ball
Pickoff Throw by Catcher to First - Error! E2
Miguel Guerrero to second
2-2: Ball
3-2: Base on Balls
Batting: RHB Abu al Khayr bin Mu'ayyad 0-0: Ball
1-0: Called Strike
1-1: Foul Ball, location: 3FF
1-2: Ball
2-2: SINGLE (Flyball, 78S, EV 92.5 MPH)
Miguel Guerrero to third
Çelik Lüfi to second
Batting: RHB Bernardo Flores 0-0: DOUBLE (Flyball, 89D, EV 99.4 MPH)
Miguel Guerrero scores
Çelik Lüfi scores
Abu al Khayr bin Mu'ayyad to third
Batting: RHB Ricardo Imbert 0-0: Called Strike
0-1: Ball
1-1: Ball
2-1: Swinging Strike
2-2: Ball
3-2: Base on Balls
Batting: RHB Zahir Abraha 0-0: Called Strike
0-1: DOUBLE (Flyball, 8RXD, EV 105.6 MPH)
Abu al Khayr bin Mu'ayyad scores
Bernardo Flores scores
Ricardo Imbert to third
Pitching: RHP Zahir Noon
Batting: SHB Ekela Kirila 0-0: Foul Ball, location: 2F
0-1: Foul Ball, location: 7LSF
0-2: Strikes out swinging, 2-3 out at first.
Batting: RHB Hatim bin Abdel 0-0: Ground out 6-3 (Groundball, 56, EV 95.0 MPH)
Ricardo Imbert scores
Batting: RHB Terry Yates 0-0: Called Strike
0-1: Swinging Strike
0-2: Strikes out swinging
Top of the 5th over - 5 runs, 4 hits, 1 error, 1 left on base; Port of Spain 8 - Key West 1
BOTTOM OF THE 5TH
Key West Beachbums batting - Pitching for Port of Spain Royales : RHP Tony Ávila
Batting: LHB Kaya Al-Dîn 0-0: Ball
1-0: Called Strike
1-1: Ball
2-1: Foul Ball, location: 2F
2-2: Strikes out swinging
Batting: RHB Floyd White 0-0: Ground out 4-3 (Groundball, 4, EV 80.6 MPH)
Batting: LHB Erdinç Demirel 0-0: Ball
1-0: Called Strike
1-1: Ground out U3 (Groundball, 3, EV 86.3 MPH)
Bottom of the 5th over - 0 runs, 0 hits, 0 errors, 0 left on base; Port of Spain 8 - Key West 1
TOP OF THE 6TH
Port of Spain Royales batting - Pitching for Key West Beachbums : RHP Zahir Noon
Batting: RHB Miguel Guerrero 0-0: Called Strike
0-1: Called Strike
0-2: Ball
1-2: Strikes out looking
Batting: SHB Çelik Lüfi 0-0: Ball
1-0: Called Strike
1-1: Ball
2-1: Foul Ball, location: 2F
2-2: Foul Ball, location: 2F
2-2: Foul Ball, location: 3F
2-2: SOLO HOME RUN (Flyball, 78XD, EV 104.4 MPH), Distance : 431 ft
Batting: RHB Abu al Khayr bin Mu'ayyad 0-0: Called Strike
0-1: Foul Ball, location: 2F
0-2: Ground out 2-3 (Groundball, 2L, EV 74.4 MPH)
Batting: RHB Bernardo Flores 0-0: Ball
1-0: Fly out, F9 (Flyball, 9, EV 85.0 MPH)
Top of the 6th over - 1 run, 1 hit, 0 errors, 0 left on base; Port of Spain 9 - Key West 1
BOTTOM OF THE 6TH
Key West Beachbums batting - Pitching for Port of Spain Royales : RHP Tony Ávila
Batting: LHB Rubén Galló 0-0: SINGLE (Groundball, 34D, EV 109.4 MPH)
Batting: LHB Júlio López 0-0: Ball
1-0: Foul Ball, location: 5F
1-1: Foul Ball, location: 7LMFF
1-2: Ball
2-2: Fly out, F7 (Flyball, 7D, EV 100.6 MPH)
Pitching: LHP Augusto Contreras
Batting: RHB José Salazar 0-0: Called Strike
0-1: Foul Ball, location: 2F
0-2: DOUBLE (Flyball, 89XD, EV 94.4 MPH)
Rubén Galló to third
Batting: LHB Yalman Korkmaz 0-0: SINGLE (Line Drive, 78M, EV 95.0 MPH)
Rubén Galló scores
José Salazar to third
Batting: RHB Levi Leuthold 0-0: Ball
1-0: Foul Ball, location: 23F
1-1: Called Strike
1-2: Ball
2-2: DOUBLE (Line Drive, 7LD, EV 106.3 MPH)
José Salazar scores
Yalman Korkmaz to third
Batting: RHB António Mendoza 0-0: Foul Ball, location: 23FF
0-1: Ground out 1-3 (Groundball, 34S, EV 67.5 MPH)
Batting: LHB Kaya Al-Dîn 0-0: Foul Ball, location: 5DF
0-1: Ball
1-1: Ground out 5-3 (Groundball, 56S, EV 73.1 MPH)
Bottom of the 6th over - 2 runs, 4 hits, 0 errors, 2 left on base; Port of Spain 9 - Key West 3
TOP OF THE 7TH
Port of Spain Royales batting - Pitching for Key West Beachbums : RHP Zahir Noon
Batting: RHB Ricardo Imbert 0-0: Ball
1-0: Ball
2-0: Called Strike
2-1: Foul Ball, location: 2F
2-2: SINGLE (Line Drive, 5D, EV 70.0 MPH)
Batting: RHB Zahir Abraha
Pinch Hitting: RHB Theophilus Pratkanis 0-0: Ball
1-0: Ball
2-0: SINGLE (Groundball, 56, EV 103.8 MPH)
Ricardo Imbert to second
Batting: SHB Ekela Kirila 0-0: Swinging Strike
0-1: Foul Ball, location: 2F
0-2: Ball
1-2: Strikes out swinging
Batting: RHB Hatim bin Abdel 0-0: Ball
1-0: Called Strike
1-1: Called Strike
1-2: Foul Ball, location: 9LSF
1-2: Strikes out swinging
Batting: RHB Terry Yates 0-0: Called Strike
0-1: Ground out 6-3 (Groundball, 6MS, EV 86.3 MPH)
Top of the 7th over - 0 runs, 2 hits, 0 errors, 2 left on base; Port of Spain 9 - Key West 3
BOTTOM OF THE 7TH
Key West Beachbums batting - Pitching for Port of Spain Royales : LHP Augusto Contreras
Now in LF: Theophilus Pratkanis
Batting: RHB Floyd White 0-0: Ball
1-0: Ball
2-0: Foul Ball, location: 2F
2-1: Ground out 6-3 (Groundball, 6MS, EV 83.1 MPH)
Batting: LHB Erdinç Demirel 0-0: Swinging Strike
0-1: Foul Ball, location: 2RF
0-2: Fly out, F9 (Flyball, 89M, EV 78.1 MPH)
Batting: LHB Rubén Galló 0-0: DOUBLE (Line Drive, 89M, EV 97.5 MPH)
Batting: LHB Júlio López 0-0: Fly out, F9 (Flyball, 89M, EV 93.1 MPH)
Bottom of the 7th over - 0 runs, 1 hit, 0 errors, 1 left on base; Port of Spain 9 - Key West 3
TOP OF THE 8TH
Port of Spain Royales batting - Pitching for Key West Beachbums : RHP Zahir Noon
Batting: RHB Miguel Guerrero 0-0: Ball
1-0: Ball
2-0: Swinging Strike
2-1: Ball
3-1: Base on Balls
Pitching: LHP Mahmud Abdul-Tawwab
Batting: SHB Çelik Lüfi 0-0: Called Strike
0-1: DOUBLE (Line Drive, 9LM, EV 98.1 MPH)
Miguel Guerrero to third
Batting: RHB Abu al Khayr bin Mu'ayyad 0-0: Ball
1-0: Called Strike
1-1: Ball
2-1: Foul Ball, location: 5F
2-2: Ground out 4-3 (Groundball, 34D, EV 110.0 MPH)
Miguel Guerrero scores
Çelik Lüfi to third
Batting: RHB Bernardo Flores 0-0: DOUBLE (Flyball, 8RXD, EV 108.8 MPH)
Çelik Lüfi scores
Batting: RHB Ricardo Imbert 0-0: Ground out 4-3 (Groundball, 4D, EV 94.4 MPH)
Bernardo Flores to third
Batting: RHB Theophilus Pratkanis 0-0: Fly out, F7 (Flyball, 78M, EV 83.8 MPH)
Top of the 8th over - 2 runs, 2 hits, 0 errors, 1 left on base; Port of Spain 11 - Key West 3
BOTTOM OF THE 8TH
Key West Beachbums batting - Pitching for Port of Spain Royales : LHP Augusto Contreras
Batting: RHB José Salazar 0-0: Ball
1-0: Ball
2-0: Called Strike
2-1: Ball
3-1: SINGLE (Line Drive, 89S, EV 98.8 MPH)
Batting: RHB Víctor Colón 0-0: Foul Ball, location: 9LMF
0-1: Ball
1-1: Fly out, F8 (Flyball, 8LM, EV 73.8 MPH)
Batting: RHB Levi Leuthold 0-0: Foul Ball, location: 9LSF
0-1: Ball
1-1: Swinging Strike
1-2: Fielders Choice at 2nd, 6-4 (Groundball, 6, EV 88.8 MPH)
Batting: RHB António Mendoza 0-0: Ball
1-0: Ball
2-0: Fly out, F9 (Flyball, 89S, EV 90.6 MPH)
Bottom of the 8th over - 0 runs, 1 hit, 0 errors, 1 left on base; Port of Spain 11 - Key West 3
TOP OF THE 9TH
Port of Spain Royales batting - Pitching for Key West Beachbums : LHP Mahmud Abdul-Tawwab
Pinch Hitting: RHB Ricardo Romo 0-0: Foul Ball, location: 5FF
0-1: Ground out U3 (Groundball, 3S, EV 85.0 MPH)
Pinch Hitting: SHB José Smith 0-0: Ball
1-0: Ball
2-0: Called Strike
2-1: SINGLE (Line Drive, 89M, EV 105.0 MPH)
Batting: RHB Terry Yates 0-0: Ball
1-0: Foul Ball, location: 5FF
1-1: Called Strike
1-2: DOUBLE (Groundball, 3L, EV 107.5 MPH)
José Smith to third
Batting: RHB Miguel Guerrero 0-0: Ball
1-0: Called Strike
1-1: Ground out 5-3 (Groundball, 5, EV 107.5 MPH)
Batting: SHB Çelik Lüfi 0-0: Ball
1-0: Ball
2-0: Ball
3-0: Base on Balls
Batting: RHB Abu al Khayr bin Mu'ayyad 0-0: Ball
1-0: Ball
2-0: Fly out, F7 (Flyball, 78D, EV 96.3 MPH)
Top of the 9th over - 0 runs, 2 hits, 0 errors, 3 left on base; Port of Spain 11 - Key West 3
BOTTOM OF THE 9TH
Key West Beachbums batting - Pitching for Port of Spain Royales : LHP Augusto Contreras
Now at 2B: Martín Bernard
Now at SS: Terry Yates
Now in CF: Narayan Nabendu
Pinch Hitting: RHB Matyash Zatona 0-0: DOUBLE (Groundball, 3L, EV 101.9 MPH)
Pitching: RHP Juan Leptio
Pinch Hitting: LHB Pablo Padilla 0-0: Called Strike
0-1: Ball
1-1: Called Strike
1-2: Foul Ball, location: 9LSF
1-2: Fly out, F8 (Flyball, 8LD, EV 110.0 MPH)
Batting: LHB Erdinç Demirel 0-0: Ball
1-0: Foul Ball, location: 2F
1-1: Called Strike
1-2: Foul Ball, location: 2F
1-2: Ball
2-2: Fly out, F5 (Popup, 25F, EV 93.1 MPH)
Batting: LHB Rubén Galló 0-0: Foul Ball, location: 2F
0-1: Called Strike
0-2: SINGLE (Groundball, 4MD, EV 107.5 MPH)
Matyash Zatona to third
Pinch Hitting: LHB Cris Canseco 0-0: Ball
1-0: Fly out, F7 (Flyball, 7LSF, EV 84.4 MPH)
Bottom of the 9th over - 0 runs, 2 hits, 0 errors, 2 left on base; Port of Spain 11 - Key West 3
Friday, March 1st , 2024 - OOTP Baseball 24.9 Build 78